Map: 锈化山巅-天梯版

Players

llllllllllll - Winner!

  • Race: Protoss Protoss
  • League: Master
  • Spawn Location: 1:00

IIIIIIIIIIII

  • Race: Zerg Zerg
  • League: Grandmaster
  • Spawn Location: 7:00

VOD

Have the link to the VOD?

Description

Time

  • Played on: March 12, 2021, 10:56 a.m.
  • Length: 7:11
Show
View Real Time Build Order
Export as new Build Order

llllllllllll Protoss - Winner!

Build Orders: 1 Gate Expand, Zealot Archon, Archon Drop, Dark Templar Rush 

Get SALT Encoding   

  12  0:00  Probe  
  13  0:12  Probe  
  14  0:19  Pylon  
  14  0:24  Probe  
  15  0:37  Probe (Chrono Boost)  
  16  0:44  Gateway  
  16  0:46  Probe (Chrono Boost)  
  16  0:47  Assimilator  
  17  0:51  Probe (Chrono Boost)  
  18  1:03  Probe  
  19  1:15  Probe  
  20  1:24  Nexus  
  20  1:32  Cybernetics Core  
  20  1:37  Probe  
  21  1:42  Assimilator  
  21  1:49  Probe  
  22  1:54  Pylon  
  23  2:01  Probe  
  23  2:09  Adept (Chrono Boost)  
  23  2:13  Probe  
  26  2:19  Twilight Council  
  26  2:25  Warp Gate, Probe (Chrono Boost)  
  26  2:29  Stalker (Chrono Boost)  
  27  2:36  Probe (Chrono Boost)  
  31  2:44  Probe (Chrono Boost)  
  31  2:46  Probe (Chrono Boost)  
  31  2:50  Probe (Chrono Boost), Robotics Facility  
  31  2:51  Probe (Chrono Boost)  
  34  3:02  Probe  
  34  3:03  Probe  
  36  3:14  Probe  
  36  3:15  Probe  
  36  3:17  Dark Shrine  
  38  3:26  Probe  
  39  3:27  Probe  
  39  3:29  Gateway  
  39  3:30  Gateway  
  39  3:33  Gateway  
  40  3:37  Warp Prism (Chrono Boost)  
  42  3:43  Probe  
  42  3:45  Probe  
  44  3:49  Pylon  
  44  3:52  Assimilator  
  44  3:54  Assimilator  
  44  3:55  Probe  
  45  3:57  Probe  
  45  4:01  Pylon  
  46  4:07  Probe  
  46  4:09  Probe  
  48  4:12  Pylon  
  48  4:19  Probe  
  48  4:21  Probe  
  50  4:31  Dark Templar x4  
  58  4:44  Immortal (Chrono Boost)  
  58  4:51  Pylon  
  42  4:52  Charge (Chrono Boost)  
  62  4:54  Archon x2  
  62  4:57  Gateway  
  62  4:59  Gateway  
  62  5:01  Gateway  
  62  5:04  Gateway  
  62  5:13  Immortal (Chrono Boost)  
  66  5:22  Sentry x2  
  66  5:24  Pylon  
  70  5:33  Pylon  
  70  5:38  Pylon  
  70  5:42  Immortal (Chrono Boost)  
  74  5:43  Zealot  
  74  5:44  Zealot  
  74  5:46  Sentry  
  80  5:51  Zealot  
  82  6:01  Pylon  
  82  6:06  Zealot  
  82  6:07  Zealot x3  
  90  6:18  Dark Templar, Pylon  
  90  6:19  Dark Templar x2  
  90  6:23  Archon  
  90  6:24  Dark Templar  
  98  6:29  Archon  
  98  6:30  Zealot x3  
  104  6:33  Zealot  
  102  6:52  Zealot x2  
  102  6:53  Zealot x4  
Show
View Real Time Build Order
Export as new Build Order

IIIIIIIIIIII Zerg 

Build Orders: Hatch First 

Get SALT Encoding   

  12  0:00  Drone  
  13  0:13  Overlord  
  13  0:17  Drone  
  14  0:32  Drone x2  
  16  0:48  Hatchery  
  15  0:51  Drone  
  15  0:55  Drone  
  17  0:59  Drone  
  18  1:08  Extractor  
  17  1:13  Spawning Pool  
  17  1:15  Drone  
  17  1:19  Drone  
  18  1:30  Drone  
  19  1:40  Drone  
  20  1:53  Drone  
  21  2:00  Queen x2  
  25  2:05  Drone  
  25  2:06  Drone  
  27  2:12  Zergling x2  
  27  2:14  Overlord  
  28  2:20  Metabolic Boost  
  28  2:32  Drone  
  28  2:33  Drone x2  
  31  2:41  Zergling x2  
  32  2:46  Hatchery  
  32  2:48  Drone x2, Queen  
  35  2:57  Overlord  
  35  3:03  Overlord  
  35  3:11  Drone  
  36  3:23  Drone x2  
  36  3:25  Drone x2  
  40  3:29  Drone x2  
  42  3:35  Roach Warren  
  41  3:44  Drone, Overlord  
  41  3:45  Extractor  
  41  3:46  Drone x3  
  44  3:52  Overlord  
  44  3:57  Overlord  
  44  4:01  Drone  
  44  4:02  Spore Crawler  
  44  4:05  Drone x2  
  44  4:07  Drone, Spore Crawler  
  45  4:10  Queen  
  45  4:15  Roach x3  
  53  4:19  Queen  
  53  4:21  Drone  
  56  4:24  Spore Crawler  
  56  4:29  Roach x5  
  65  4:42  Roach x3  
  70  4:51  Drone x4  
  74  4:53  Overlord x2  
  74  5:00  Overlord  
  74  5:02  Lair  
  74  5:08  Overlord  
  74  5:22  Drone x7  
  74  5:23  Drone x3  
  74  5:28  Extractor, Overlord  
  83  5:31  Drone  
  83  5:34  Evolution Chamber  
  79  5:45  Roach x8  
  95  5:55  Overlord x2  
  95  6:01  Zergling x20  
  105  6:14  Overlord  
  105  6:16  Roach x3  
  111  6:22  Zergling x4  
  113  6:32  Zergling x6, Roach x5  
  126  6:34  Extractor  
  127  6:45  Zergling x10  
Tags
 
Add a new tag
Caveats
  • Supply blocks, unpowered buildings, or Contaminate may cause inaccurate times.
  • Supply counts are checked every 10 seconds.